 Dungeon Crawl Stone Soup version 0.30-a0-169-g06f667207d (webtiles) character file.

Game seed: 17205518587635062813

651 Decritt the Trooper (level 7, -1/57 HPs)
             Began as a Djinni Conjurer on Sept 30, 2022.
             Slain by a killer bee (6 damage)
             ... on level 5 of the Dungeon.
             The game lasted 00:15:06 (6752 turns).

Decritt the Trooper (Djinni Conjurer)               Turns: 6752, Time: 00:15:06

Health: -1/57      AC:  8    Str:  6    XL:     7   Next: 84%
Gold:   96         EV: 12    Int: 25    God:
                   SH:  0    Dex: 11

rFire   + + .      SeeInvis +    o - +3 spear of Propriety {flame, SInv}
rCold   . . .      Faith    .    (no shield)
rNeg    . . .      Spirit   .    a - +0 robe
rPois   ∞          Reflect  .    i - +2 hat
rElec   .          Harm     .    m - +2 cloak
rCorr   .          Rampage  .    u - +0 pair of gloves of the Boiling Point {Int+3}
Will    .....                    (boots unavailable)
Stlth   ++........               (no amulet)
HPRegen 0.19/turn                s - ring of protection from cold
MPRegen 0.00/turn                f - ring of see invisible

@: flying
A: sickness immunity, fire resistance 2, cold vulnerability 1, float, innate
caster, HP casting, extra vitality 1
a: no special abilities


You were on level 5 of the Dungeon.
You visited 1 branch of the dungeon, and saw 5 of its levels.

You collected 234 gold pieces.
You spent 138 gold pieces at shops.

Inventory:

Hand Weapons
 d - a +0 short sword of protection
 o - the +3 spear of Propriety (weapon) {flame, SInv}
   (You took it off an orc on level 3 of the Dungeon)

   It burns those it strikes, dealing additional fire damage.
   SInv:      It lets you see invisible.
Armour
 a - a +0 robe (worn)
 h - a scarf of repulsion
 i - a +2 hat (worn)
 m - a +2 cloak (worn)
 u - the +0 pair of gloves of the Boiling Point (worn) {Int+3}
   (You found it on level 4 of the Dungeon)

   Int:       It affects your intelligence (+3).
Jewellery
 f - a ring of see invisible (right hand)
 s - a ring of protection from cold (left hand)
Wands
 g - a wand of polymorph (7)
 p - a wand of quicksilver (7)
Scrolls
 b - 2 scrolls of vulnerability
 j - 2 scrolls of butterflies
 k - 2 scrolls of silence {unknown}
 l - a scroll of teleportation {unknown}
 q - a scroll of fear {unknown}
 t - a scroll of enchant weapon
 v - a scroll of blinking
Potions
 c - 4 potions of curing
 e - a potion of heal wounds
 n - a potion of haste {unknown}


   Skills:
 * Level 6.4 Fighting
 - Level 2.1 Dodging
 - Level 1.5 Stealth
 + Level 4.7 Spellcasting


You couldn't memorise any spells.
You knew the following spells:

 Your Spells              Type           Power      Damage    Failure   Level
a - Shock                 Conj/Air       100%       1d9       1%          1
b - Searing Ray           Conj           58%        2d6       1%          2
c - Static Discharge      Conj/Air       58%        2-5/arc   1%          2
d - Dazzling Flash        Conj/Hex       58%        N/A       3%          3
e - Iskenderun's Mystic   Conj/Tloc      29%        2d7       12%         4
f - Magic Dart            Conj           100%       1d8       1%          1
g - Fulminant Prism       Conj/Hex       14%        3d9       12%         4
h - Portal Projectile     Hex/Tloc       58%        N/A       3%          3
Your spell library was empty.

Dungeon Overview and Level Annotations

Branches:
Dungeon (5/15)
 Temple: D:4-7

Altars:
Cheibriados
Wu Jian

Shops:
D:4 ?


Innate Abilities, Weirdness & Mutations

You are immune to sickness and miasma.
You are immune to poison.
Your flesh is very heat resistant. (rF++)
You are vulnerable to cold. (rC-)
You float through the air rather than walking.
You learn spells naturally, not from books.
Your magical power is your life essence.
You have superior vitality. (+4 MHP)


Message History

The killer bee stings you but does no damage.
The killer bee closely misses you.
The killer bee attacks as you move away!
The killer bee barely misses you. The killer bee stings you!
* * * LOW HITPOINT WARNING * * *
The killer bee misses you. The killer bee stings you!
* * * LOW HITPOINT WARNING * * *
The killer bee attacks as you move away!
The killer bee stings you.
* * * LOW HITPOINT WARNING * * *
The killer bee closely misses you.
The killer bee attacks as you move away!
The killer bee barely misses you. x2
The killer bee barely misses you.
The killer bee stings you but does no damage.
The killer bee stings you.
* * * LOW HITPOINT WARNING * * *
The killer bee attacks as you move away!
The killer bee closely misses you.
The killer bee stings you but does no damage.
The killer bee barely misses you. The killer bee stings you.
* * * LOW HITPOINT WARNING * * *
Items here: )))) ††.
The killer bee attacks as you move away!
The killer bee completely misses you. The killer bee barely misses you.
Things that are here:
a +0 chain mail; a boomerang; a +0 dagger The killer bee barely misses you.
The killer bee stings you but does no damage.
Items here: )) [[.
The killer bee attacks as you move away!
The killer bee stings you!
* * * LOW HITPOINT WARNING * * *
The killer bee stings you.
* * * LOW HITPOINT WARNING * * *
There is a stone staircase leading up here.
The killer bee stings you.
You die...

#.#...... #.##.# #.
#.##....# ##....#
#.##.#...#[######[..#####
.........)).........+.>.
#'##.#.....).####...##.#
.....#...#.#)####...##.#
.....#..##.#.[.##......#
...........###.####....#
....#########).y@##..g.#
#'#.....# #..[######.#
#.#.###.# #...# #.#
#.....#.# #.... #.#
#.....#.# ###... #g#
#.....#.# #...# #.#
##....#.# #...# #g#
######.# #...# #.#
#.#######...# #.#


You could see a killer bee.

Vanquished Creatures
  A phantom (D:5)
  Blork the orc (D:4)
  A scorpion (D:4)
  2 orc priests (D:5)
  Terence (D:3)
  An iguana (D:4)
  Natasha (thrice) (D:4)
  4 orc wizards
  6 adders
  A gnoll (D:5)
  A worm (D:3)
  24 orcs
  8 endoplasms
  A giant cockroach (D:4)
  7 goblins
  4 hobgoblins
  13 ball pythons
  3 bats
  2 frilled lizards (D:2)
  6 kobolds
  10 rats
100 creatures vanquished.

Vanquished Creatures (others)
  A fulminant prism (D:2)
  5 plants (D:2)
6 creatures vanquished.

Grand Total: 106 creatures vanquished

Notes
Turn   | Place    | Note
-------+----------+-------------------------------------------
     0 | D:1      | Decritt the Djinni Conjurer began the quest for the Orb.
     0 | D:1      | Decritt set off with the following spells memorised: Magic
                  | Dart, Searing Ray, Dazzling Flash, Fulminant Prism,
                  | Iskenderun's Mystic Blast.
     0 | D:1      | Reached XP level 1. HP: 15/15 MP: 0/0
   404 | D:1      | Reached XP level 2. HP: 20/22 MP: 0/0
   444 | D:1      | Reached skill level 1 in Fighting
   846 | D:1      | Reached XP level 3. HP: 25/27 MP: 0/0
   846 | D:1      | Learned a level 1 spell: Shock
  1574 | D:2      | Reached skill level 2 in Fighting
  2468 | D:3      | Reached XP level 4. HP: 30/33 MP: 0/0
  2795 | D:3      | Found a snail-covered altar of Cheibriados.
  2802 | D:3      | Identified the +3 spear of Propriety {flame, SInv}
  2810 | D:3      | Reached XP level 5. HP: 31/40 MP: 0/0
  2810 | D:3      | Learned a level 2 spell: Static Discharge
  3142 | D:3      | Reached skill level 3 in Fighting
  3171 | D:3      | Noticed Terence
  3180 | D:3      | Killed Terence
  3956 | D:3      | Found an ornate altar of the Wu Jian Council.
  4115 | D:4      | Reached skill level 4 in Fighting
  4142 | D:4      | Reached XP level 6. HP: 38/48 MP: 0/0
  4306 | D:4      | Identified the +0 pair of gloves of the Boiling Point
                  | {Int+3}
  4371 | D:4      | Found Fahotaoz's Magic Scroll Boutique.
  4379 | D:4      | Bought a scroll of identify for 24 gold pieces
  4379 | D:4      | Bought a scroll of blinking for 90 gold pieces
  4379 | D:4      | Bought a scroll of identify for 24 gold pieces
  4407 | D:4      | Noticed Blork the orc
  4414 | D:4      | Killed Blork the orc
  4415 | D:4      | Reached skill level 5 in Fighting
  4608 | D:4      | Noticed Natasha
  4617 | D:4      | Killed Natasha
  4618 | D:4      | Reached XP level 7. HP: 20/54 MP: 0/0
  4618 | D:4      | Learned a level 3 spell: Portal Projectile
  5335 | D:4      | Noticed Natasha
  5339 | D:4      | Killed Natasha
  5462 | D:4      | Noticed Natasha
  5467 | D:4      | Killed Natasha
  5790 | D:5      | Entered Level 5 of the Dungeon
  6027 | D:5      | Reached skill level 6 in Fighting
  6752 | D:5      | Slain by a killer bee

Illustrated notes

Levels and vault maps discovered:
D:1:      lightli_arrival_isolated_outpost, layout_loops_cross
D:2:      layout_basic, chequers_big_river
D:3:      layout_rooms, mainiacjoe_overflow_24_doors,
          mainiacjoe_overflow_divided_tiny, uniq_terence
D:4:      cheibrodos_helix_gallery, layout_gridville, serial_shops, shop,
          uniq_blork_the_orc, uniq_natasha
D:5:      layout_basic, nicolae_overflow_crystal_walls,
          nicolae_ashenzari_skybound, xom_teletrap_fun

Skill      XL: |  1  2  3  4  5  6  7 |
---------------+----------------------+-----
Fighting       | 1 2 4 5 6 |  6.4
Spellcasting   | 4 |  4.7
Dodging        | |  2.1
Stealth        | |  1.5

Action                   |  1- 3 |  4- 6 |  7- 9 || total
-------------------------+-------+-------+-------++-------
Melee: Short sword       |     3 |       |       ||     3
       Spear             |       |     5 |     3 ||     8
 Cast: Magic Dart        |    84 |    49 |       ||   133
       Searing Ray       |       |     5 |     5 ||    10
       Shock             |       |    31 |    73 ||   104
       Static Discharge  |       |     8 |     5 ||    13
       Fulminant Prism   |       |     1 |       ||     1
  Use: Scroll            |       |    10 |     2 ||    12
       Potion            |       |     1 |       ||     1
Armor: Robe              |     4 |     9 |    17 ||    30
Dodge: Dodged            |    13 |    25 |    40 ||    78

Table legend: (Time is in decaauts)
 A = Elapsed time spent in this place.
 B = Non-inter-level travel time spent in this place.
 C = Inter-level travel time spent in this place.
 D = Time resting spent in this place.
 E = Time spent auto-exploring this place.
 F = Levels seen in this place.
 G = Mean time per level.
                   A        B        C        D        E       F      G
               +--------+--------+--------+--------+--------+-----+--------+
         Total |   6754 |   6603 |    151 |   2770 |   3124 |   5 | 1350.8 |
       Dungeon |   6754 |   6603 |    151 |   2770 |   3124 |   5 | 1350.8 |
               +--------+--------+--------+--------+--------+-----+--------+

Top non-repeatable levels by time:
     D:4: 1941 daAuts
     D:2: 1832 daAuts
     D:3: 1140 daAuts
     D:1: 1138 daAuts
     D:5: 701 daAuts
